 Dungeon Crawl Stone Soup version 0.31-a0-277-g31ea1f65cc (webtiles) character file.

Game seed: 2254026262079659506

139 porpoise the Shooter (level 5, -2/32 HPs)
             Began as a Tengu Hunter on July 16, 2023.
             Slain by Eustachio
             ... wielding a +0 falchion
              (8 damage)
             ... on level 4 of the Dungeon.
             The game lasted 00:06:57 (2984 turns).

porpoise the Shooter (Tengu Hunter)                 Turns: 2984, Time: 00:06:58

Health: -2/32      AC:  3    Str: 11    XL:     5   Next: 22%
Magic:  6/6        EV: 14    Int:  9    God:
Gold:   72         SH:  0    Dex: 20    Spells: 4/4 levels left

rFire   . . .        b - +0 dagger (venom)
rCold   . . .        (no shield)
rNeg    . . .        c - +0 leather armour
rPois   +            (helmet restricted)
rElec   .            (no cloak)
rCorr   .            (no gloves)
SInv    .            (boots unavailable)
Will    +....        (no amulet)
Stlth   ++           k - ring of willpower
HPRegen 0.25/turn    B - ring of poison resistance
MPRegen 0.10/turn

%: no passive effects
@: flying quickly and evasively, quick
A: beak, talons 3, nimble flight
a: no special abilities


You were on level 4 of the Dungeon.
You visited 1 branch of the dungeon, and saw 4 of its levels.

You collected 72 gold pieces.

Inventory:

Hand Weapons
 a - a +0 shortbow of electrocution
 b - a +0 dagger of venom (weapon)
 q - a +2 dagger of draining
Missiles
 i - 6 boomerangs
 v - 3 boomerangs of dispersal
 A - 6 javelins
Armour
 c - a +0 leather armour (worn)
Jewellery
 k - a ring of willpower (left hand)
 B - a ring of poison resistance (right hand)
 C - a +6 ring of intelligence
Wands
 p - a wand of flame (7)
 D - a wand of mindburst (14)
Scrolls
 d - a scroll of acquirement {unknown}
 e - a scroll of vulnerability
 f - a scroll of butterflies
 g - a scroll of poison {unknown}
 h - a scroll of teleportation {unknown}
 j - a scroll of enchant armour {unknown}
 l - 2 scrolls of identify
 m - a scroll of immolation {unknown}
 r - a scroll of enchant weapon {unknown}
 s - a scroll of amnesia
 t - a scroll of noise {unknown}
 u - a scroll of fog {unknown}
 w - a scroll of brand weapon
 y - a scroll of revelation {unknown}
Potions
 n - a potion of curing
 o - a potion of attraction
 x - a potion of might
 z - a potion of mutation


   Skills:
 + Level 3.3 Fighting
 * Level 6.2 Ranged Weapons
 - Level 2.1 Dodging
 - Level 1.0 Stealth


You had 4 spell levels left.
You didn't know any spells.
Your spell library contained the following spells:

 Spells                   Type           Power      Damage    Failure   Level
 Shock                    Conj/Air       0%         1d3       47%         1
 Slow                     Hex            0%         N/A       47%         1
 Lesser Beckoning         Tloc           0%         N/A       63%         2
 Confusing Touch          Hex            0%         N/A       85%         3
 Gell's Gravitas          Tloc           0%         N/A       85%         3
 Swiftness                Air            0%         N/A       85%         3
 Teleport Other           Tloc           0%         N/A       85%         3
 Vampiric Draining        Necr           0%         2d6       85%         3
 Airstrike                Air            0%         2d(0-16)  99%         4
 Chain Lightning          Conj/Air       0%         N/A       100%        9
 Fire Storm               Conj/Fire      0%         5d1       100%        9
 Shatter                  Erth           0%         3d5*      100%        9


Dungeon Overview and Level Annotations

Branches:
Dungeon (4/15)
 Temple: D:4-7

Altars:
Makhleb
Sif Muna

Shops:
D:3 :

Annotations:
D:4 Eustachio


Innate Abilities, Weirdness & Mutations

You have a beak for a mouth.
You have claws for feet.
Your magical nature lets you fly swiftly and evasively.


Message History

You shoot an arrow. The arrow hits Eustachio.
Eustachio is heavily wounded.
You shoot an arrow. The arrow hits Eustachio.
Eustachio is severely wounded.
Eustachio casts a spell.
You shoot an arrow. The arrow barely misses Eustachio.
The arrow closely misses the ufetubus.
The shadow imp disappears in a puff of smoke!
The ufetubus disappears in a puff of smoke!
Eustachio hits you with a +0 falchion! The white imp gestures at you.
The puff of frost hits you.
Eustachio casts a spell.
Eustachio blinks!
The white imp barely misses you.
There are no items here.
Fire: a) +0 shortbow (elec)
Press: ? - help, Q - select action, (/) - cycle Shift-Dir - straight line, f/p - Eustachio
Aim: Eustachio, wielding a +0 falchion and wearing a +0 leather armour (severely wounded, 57% to hit)
You shoot an arrow. The arrow closely misses the iron imp.
The arrow closely misses Eustachio.
The shadow imp misses you. The white imp gestures at you.
The puff of frost hits you! The iron imp closely misses you.
Eustachio screams, "At last I'll have my revenge!"
You shoot an arrow. The arrow hits Eustachio.
Eustachio is severely wounded.
The shadow imp closely misses you. The white imp misses you.
Eustachio closely misses you.
The iron imp shouts, "Out, out, thou foisting toenail-biting skainsmate!"
The iron imp hits you.
* * * LOW HITPOINT WARNING * * *
Your +0 shortbow of electrocution stops crackling.
Your +0 dagger of venom begins to drip with poison!
b - a +0 dagger of venom (weapon)
The shadow imp barely misses you. The white imp barely misses you.
You hit Eustachio but do no damage.
Eustachio is poisoned.
You peck Eustachio.
Eustachio is almost dead.
Eustachio hits you with a +0 falchion!
You die...

### #.# .<.## ..
.....# .# ...... #.#
....†.# ..#
.......####.# ###
......5.....#####.#
......5@...###....##
..<...@5##..#......#
.......####........#
####### #........##
#.........#
#........##
##.†.....# #.......#
#......##


You could see Eustachio (very poisoned), an iron imp (summoned), a white imp
(summoned) and a shadow imp (summoned).

Vanquished Creatures
  An orc priest (D:3)
  3 adders
  A dart slug (D:2)
  4 orcs (D:3)
  8 ball pythons
  4 endoplasms
  4 giant cockroaches
  8 goblins
  6 hobgoblins
  6 jackals
  4 quokkas
  7 bats
  3 frilled lizards
  10 kobolds
  4 rats
73 creatures vanquished.

Notes
Turn   | Place    | Note
-------+----------+-------------------------------------------
     0 | D:1      | porpoise the Tengu Hunter began the quest for the Orb.
     0 | D:1      | Reached XP level 1. HP: 12/12 MP: 2/2
   186 | D:1      | Reached XP level 2. HP: 17/17 MP: 3/3
   454 | D:1      | Reached skill level 5 in Ranged Weapons
   592 | D:1      | Reached XP level 3. HP: 22/22 MP: 4/4
  1460 | D:2      | Reached XP level 4. HP: 27/27 MP: 5/5
  1943 | D:3      | Found a burning altar of Makhleb.
  1985 | D:3      | Reached skill level 6 in Ranged Weapons
  2058 | D:3      | Found Laeduam's Vocational Training.
  2158 | D:3      | Gained mutation: Your magical nature lets you fly swiftly
                  | and evasively. [Tengu growth]
  2158 | D:3      | Reached XP level 5. HP: 32/32 MP: 6/6
  2459 | D:3      | Found a shimmering blue altar of Sif Muna.
  2971 | D:4      | Noticed Eustachio
  2984 | D:4      | Slain by Eustachio

Illustrated notes

Levels and vault maps discovered:
D:1:      spicycebolla_arrival_ecumenical, layout_loops_corners
D:2:      layout_loops_corners, minmay_misc_feat_room, minmay_pentomino_pile
D:3:      layout_loops_ring, lemuel_doored_altar,
          mainiacjoe_overflow_tiny_flanked, nicolae_shop_vocational
D:4:      layout_cave_pods, amethyst_overflow_temple_binary, uniq_eustachio,
          uniq_edmund

Skill      XL: |  1  2  3  4 |
---------------+-------------+-----
Ranged Weapons | 5 6 |  6.2
Fighting       | 3 |  3.3
Dodging        | |  2.1
Stealth        | |  1.0

Action                     |  1- 3 |  4- 6 || total
---------------------------+-------+-------++-------
  Melee: Dagger            |       |     2 ||     2
         Kick              |       |     1 ||     1
         Peck              |       |     1 ||     1
   Fire: Shortbow          |   119 |    90 ||   209
    Use: Scroll            |     1 |     6 ||     7
 Armour: Leather armour    |    21 |     4 ||    25
  Dodge: Dodged            |    32 |    24 ||    56

Table legend: (Time is in decaauts)
 A = Elapsed time spent in this place.
 B = Non-inter-level travel time spent in this place.
 C = Inter-level travel time spent in this place.
 D = Time resting spent in this place.
 E = Time spent auto-exploring this place.
 F = Levels seen in this place.
 G = Mean time per level.
                   A        B        C        D        E       F      G
               +--------+--------+--------+--------+--------+-----+--------+
         Total |   2951 |   2855 |     96 |    293 |   2140 |   4 |  737.8 |
       Dungeon |   2951 |   2855 |     96 |    293 |   2140 |   4 |  737.8 |
               +--------+--------+--------+--------+--------+-----+--------+

Top non-repeatable levels by time:
     D:2: 1029 daAuts
     D:1: 909 daAuts
     D:3: 881 daAuts
     D:4: 131 daAuts
